PUBA
CAPE MAY MARINERS @ BOOTHBAY HARBOR REBELS
08/24/1972
 
TOP OF THE 1ST
Cape May Mariners batting - Pitching for Boothbay Harbor Rebels : RHP Juan Acosta
Pitching: RHP Juan Acosta
Batting: RHB Daniel Butler 0-0: Ball
1-0: SINGLE (Line Drive, 89S, EV 106.9 MPH)
Batting: SHB William Johnston 0-0: Ball
1-0: Ball
2-0: Called Strike
2-1: Ground out 4-3 (Groundball, 34S, EV 85.0 MPH)
Daniel Butler to second
Batting: RHB Otto Velez 0-0: Called Strike
0-1: Ball
1-1: Ball
2-1: Ball
3-1: Base on Balls
Batting: RHB Josh Davenport 0-0: Ball
1-0: Ball
Wild Pitch!
Daniel Butler to third
Otto Velez to second
2-0: Ball
3-0: Base on Balls
Batting: SHB Chester Roberts 0-0: Ball
1-0: Foul Ball, location: 9LSF
1-1: Grounds into double play, 4-6-3 (Groundball, 4, EV 88.1 MPH)
Top of the 1st over - 0 runs, 1 hit, 0 errors, 2 left on base; Cape May 0 - Boothbay Harbor 0
BOTTOM OF THE 1ST
Boothbay Harbor Rebels batting - Pitching for Cape May Mariners : LHP Cary Smith
Pitching: LHP Cary Smith
Batting: RHB Mike Schmidt 0-0: Fly out, F8 (Flyball, 8RD, EV 86.3 MPH)
Batting: RHB Ken Ingram 0-0: Ball
1-0: Called Strike
1-1: Foul Ball, location: 2F
1-2: SINGLE (Groundball, 3D, EV 98.1 MPH)
Batting: RHB Reynaldo Silva 0-0: Foul Ball, location: 2F
0-1: Called Strike
0-2: Ball
1-2: SINGLE (Line Drive, 7S, EV 106.3 MPH)
Ken Ingram to second
Batting: LHB Naoya Tanaka 0-0: Called Strike
0-1: Grounds into double play, 5-4-3 (Groundball, 25, EV 81.9 MPH)
Bottom of the 1st over - 0 runs, 2 hits, 0 errors, 1 left on base; Cape May 0 - Boothbay Harbor 0
TOP OF THE 2ND
Cape May Mariners batting - Pitching for Boothbay Harbor Rebels : RHP Juan Acosta
Batting: LHB Gary Thomasson 0-0: Ball
1-0: SOLO HOME RUN (Flyball, 78XD, EV 105.0 MPH), Distance : 418 ft
Batting: SHB Artie Herrera 0-0: Ball
1-0: Foul Ball, location: 23F
1-1: Ball
2-1: Called Strike
2-2: Single, Error in OF, E9, batter to second base (Line Drive, 89S, EV 95.0 MPH)
Batting: RHB José Núñez 0-0: SINGLE (Groundball, 6MD, EV 103.8 MPH)
Artie Herrera to third
Runner from 3rd tries for Home, SAFE, throw by CF to home
Batting: RHB Juan Ramírez 0-0: Ball
1-0: Foul Ball, location: 3SF
1-1: Fly out, F8 (Flyball, 8RS, EV 86.3 MPH)
Batting: RHB Daniel Butler 0-0: Called Strike
0-1: Ball
1-1: Called Strike
1-2: Foul Ball, location: 7LSF
1-2: Ball
2-2: Strikes out swinging
Batting: SHB William Johnston 0-0: Ball
1-0: Foul Ball, location: 5SF
1-1: Foul Ball, location: 3DF
1-2: SINGLE (Groundball, 2R, EV 75.6 MPH) (infield hit)
José Núñez to second
Batting: RHB Otto Velez 0-0: SINGLE (Groundball, 56D, EV 95.0 MPH)
José Núñez to third
William Johnston to second
Runner from 3rd tries for Home, SAFE, throw by LF to home
Batting: RHB Josh Davenport 0-0: Ball
1-0: Fielders Choice at 2nd, 6-4 (Groundball, 6, EV 88.8 MPH)
Top of the 2nd over - 3 runs, 5 hits, 1 error, 2 left on base; Cape May 3 - Boothbay Harbor 0
BOTTOM OF THE 2ND
Boothbay Harbor Rebels batting - Pitching for Cape May Mariners : LHP Cary Smith
Batting: LHB Jack Brohamer 0-0: SINGLE (Line Drive, 6D, EV 100.6 MPH)
Batting: LHB George Taylor 0-0: Ball
1-0: Ball
2-0: Called Strike
2-1: Bunted foul
2-2: Fly out, F6 (Line Drive, 6, EV 66.3 MPH)
Batting: SHB Paul Shinault 0-0: Called Strike
0-1: SINGLE (Groundball, 4MD, EV 111.9 MPH)
Jack Brohamer to second
Runner from 2nd tries for 3rd, SAFE, throw by CF made to third
Batting: RHB Tim Hosley 0-0: Ball
1-0: Ball
2-0: Called Strike
2-1: Swinging Strike
2-2: Ball
3-2: Base on Balls
Paul Shinault to second
Batting: RHB Whit Nicholson 0-0: Ball
1-0: Called Strike
1-1: Ball
2-1: Ball
3-1: Called Strike
3-2: Foul Ball, location: 2F
3-2: Base on Balls
Jack Brohamer scores
Paul Shinault to third
Tim Hosley to second
Batting: RHB Mike Schmidt 0-0: Fly out, F8 (Flyball, 8RD, EV 96.3 MPH)
Runner from 3rd tags up, OUT at HOME! 8-2
Bottom of the 2nd over - 1 run, 2 hits, 0 errors, 2 left on base; Cape May 3 - Boothbay Harbor 1
TOP OF THE 3RD
Cape May Mariners batting - Pitching for Boothbay Harbor Rebels : RHP Juan Acosta
Batting: SHB Chester Roberts 0-0: Ball
1-0: Ball
2-0: Fly out, F7 (Flyball, 7S, EV 79.4 MPH)
Batting: LHB Gary Thomasson 0-0: Ball
1-0: Called Strike
1-1: Ball
2-1: Ball
3-1: Base on Balls
Batting: SHB Artie Herrera 0-0: Swinging Strike
0-1: Foul Ball, location: 2F
0-2: Ball
1-2: Ball
2-2: Ball
3-2: DOUBLE (Flyball, 78D, EV 90.0 MPH)
Gary Thomasson to third
Runner from 3rd tries for Home, SAFE, throw by LF to home
Batting: RHB José Núñez 0-0: Ball
1-0: Ground out U3 (Groundball, 34S, EV 80.0 MPH)
Artie Herrera to third
Batting: RHB Juan Ramírez 0-0: Swinging Strike
0-1: Ground out 4-3 (Groundball, 4, EV 89.4 MPH)
Top of the 3rd over - 1 run, 1 hit, 0 errors, 1 left on base; Cape May 4 - Boothbay Harbor 1
BOTTOM OF THE 3RD
Boothbay Harbor Rebels batting - Pitching for Cape May Mariners : LHP Cary Smith
Batting: RHB Ken Ingram 0-0: Ball
1-0: Fly out, F9 (Flyball, 89M, EV 83.1 MPH)
Batting: RHB Reynaldo Silva 0-0: Called Strike
0-1: Ball
1-1: Ball
2-1: Foul Ball, location: 2F
2-2: Ball
3-2: Foul Ball, location: 3F
3-2: Foul Ball, location: 2F
3-2: Base on Balls
Batting: LHB Naoya Tanaka Pickoff Throw to First - Out! 1-3 CS
0-0: Called Strike
0-1: Called Strike
0-2: Ball
1-2: Ball
2-2: Ball
3-2: Foul Ball, location: 23F
3-2: Base on Balls
Batting: LHB Jack Brohamer 0-0: SINGLE (Groundball, 4MD, EV 96.9 MPH)
Naoya Tanaka to second
Runner from 2nd tries for 3rd, SAFE, throw by CF made to third
Batting: LHB George Taylor 0-0: Ground out U3 (Groundball, 3S, EV 82.5 MPH)
Bottom of the 3rd over - 0 runs, 1 hit, 0 errors, 2 left on base; Cape May 4 - Boothbay Harbor 1
TOP OF THE 4TH
Cape May Mariners batting - Pitching for Boothbay Harbor Rebels : RHP Juan Acosta
Batting: RHB Daniel Butler 0-0: Fly out, F4 (Popup, 4, EV 74.4 MPH)
Batting: SHB William Johnston 0-0: Ball
1-0: Fly out, F9 (Flyball, 89M, EV 91.9 MPH)
Batting: RHB Otto Velez 0-0: Foul Ball, location: 2F
0-1: Foul Ball, location: 9LMF
0-2: Ball
1-2: SINGLE (Groundball, 6MD, EV 110.6 MPH)
Batting: RHB Josh Davenport 0-0: Ball
1-0: SINGLE (Groundball, 6MD, EV 98.8 MPH)
Otto Velez to second
Batting: SHB Chester Roberts 0-0: Foul Ball, location: 23FF
0-1: Fly out, F2 (Popup, 25F, EV 83.1 MPH)
Top of the 4th over - 0 runs, 2 hits, 0 errors, 2 left on base; Cape May 4 - Boothbay Harbor 1
BOTTOM OF THE 4TH
Boothbay Harbor Rebels batting - Pitching for Cape May Mariners : LHP Cary Smith
Batting: SHB Paul Shinault 0-0: Called Strike
0-1: Ball
1-1: Ball
2-1: Fly out, F7 (Line Drive, 78M, EV 93.1 MPH)
Batting: RHB Tim Hosley 0-0: Called Strike
0-1: Swinging Strike
0-2: Strikes out swinging
Batting: RHB Whit Nicholson 0-0: Ball
1-0: Swinging Strike
1-1: Ball
2-1: Ball
3-1: Swinging Strike
3-2: Foul Ball, location: 9LDF
3-2: Base on Balls
Batting: RHB Mike Schmidt 0-0: Called Strike
0-1: Ball
1-1: Fly out, F7 (Line Drive, 7, EV 102.5 MPH)
Bottom of the 4th over - 0 runs, 0 hits, 0 errors, 1 left on base; Cape May 4 - Boothbay Harbor 1
TOP OF THE 5TH
Cape May Mariners batting - Pitching for Boothbay Harbor Rebels : RHP Juan Acosta
Batting: LHB Gary Thomasson 0-0: DOUBLE (Line Drive, 9LM, EV 106.3 MPH)
Batting: SHB Artie Herrera 0-0: Intentional Walk
Batting: RHB José Núñez 0-0: Ball
1-0: Ball
2-0: Foul Ball, location: 2F
2-1: Foul Ball, location: 9LDF
2-2: Strikes out swinging
Batting: RHB Juan Ramírez 0-0: SINGLE (Line Drive, 3D, EV 106.3 MPH)
Gary Thomasson to third
Artie Herrera to second
Runner from 3rd tries for Home, SAFE, throw by RF to home
Pitching: LHP Pedro Bañuelos
Batting: RHB Daniel Butler 0-0: Ball
1-0: 3-RUN HOME RUN (Flyball, 7D, EV 96.9 MPH), Distance : 379 ft
Batting: SHB William Johnston 0-0: Called Strike
0-1: Called Strike
0-2: Strikes out swinging
Batting: RHB Otto Velez 0-0: Ball
1-0: Called Strike
1-1: Foul Ball, location: 7LSF
1-2: Ball
2-2: SOLO HOME RUN (Flyball, 78XD, EV 108.1 MPH), Distance : 429 ft
Batting: RHB Josh Davenport 0-0: Ball
1-0: Called Strike
1-1: Called Strike
1-2: Ball
2-2: Ground out 6-3 (Groundball, 6, EV 101.3 MPH)
Top of the 5th over - 5 runs, 4 hits, 0 errors, 0 left on base; Cape May 9 - Boothbay Harbor 1
BOTTOM OF THE 5TH
Boothbay Harbor Rebels batting - Pitching for Cape May Mariners : LHP Cary Smith
Batting: RHB Ken Ingram 0-0: Called Strike
0-1: Swinging Strike
0-2: Ball
1-2: Ball
2-2: Ball
3-2: Foul Ball, location: 3DF
3-2: Fly out, F7 (Flyball, 7LM, EV 110.0 MPH)
Batting: RHB Reynaldo Silva 0-0: Called Strike
0-1: Foul Ball, location: 5F
0-2: Ball
1-2: Foul Ball, location: 2F
1-2: Ball
2-2: Ground out 6-3 (Groundball, 6M, EV 83.8 MPH)
Batting: LHB Naoya Tanaka 0-0: Ball
1-0: Ball
2-0: Called Strike
2-1: Ball
3-1: Swinging Strike
3-2: Foul Ball, location: 3F
3-2: Base on Balls
Batting: LHB Jack Brohamer 0-0: Ball
1-0: Ball
2-0: Swinging Strike
2-1: Swinging Strike
2-2: Foul Ball, location: 2F
2-2: Foul Ball, location: 5F
2-2: Foul Ball, location: 2F
2-2: Strikes out looking
Bottom of the 5th over - 0 runs, 0 hits, 0 errors, 1 left on base; Cape May 9 - Boothbay Harbor 1
TOP OF THE 6TH
Cape May Mariners batting - Pitching for Boothbay Harbor Rebels : LHP Pedro Bañuelos
Batting: SHB Chester Roberts 0-0: Called Strike
0-1: Called Strike
0-2: Ball
1-2: Foul Ball, location: 23FF
1-2: Fly out, F7 (Flyball, 7D, EV 108.1 MPH)
Batting: LHB Gary Thomasson 0-0: Ball
1-0: Ball
2-0: Ball
3-0: Swinging Strike
3-1: Called Strike
3-2: Fly out, F4 (Popup, 4D, EV 67.5 MPH)
Batting: SHB Artie Herrera 0-0: Foul Ball, location: 9LDF
0-1: Called Strike
0-2: Ball
1-2: Foul Ball, location: 3FF
1-2: Foul Ball, location: 2F
1-2: Strikes out swinging
Top of the 6th over - 0 runs, 0 hits, 0 errors, 0 left on base; Cape May 9 - Boothbay Harbor 1
BOTTOM OF THE 6TH
Boothbay Harbor Rebels batting - Pitching for Cape May Mariners : LHP Cary Smith
Batting: LHB George Taylor 0-0: Ball
1-0: Ground out U3 (Groundball, 13, EV 81.9 MPH)
Batting: SHB Paul Shinault 0-0: Ball
1-0: Called Strike
1-1: Ball
2-1: Ball
3-1: Called Strike
3-2: Base on Balls
Batting: RHB Tim Hosley 0-0: Called Strike
0-1: Ball
1-1: Swinging Strike
1-2: Foul Ball, location: 7LSF
1-2: Strikes out looking
Batting: RHB Whit Nicholson 0-0: Ball
1-0: Foul Ball, location: 7LDF
1-1: Ball
Paul Shinault steals 2nd base
2-1: Fly out, F8 (Line Drive, 8LS, EV 91.3 MPH)
Bottom of the 6th over - 0 runs, 0 hits, 0 errors, 1 left on base; Cape May 9 - Boothbay Harbor 1
TOP OF THE 7TH
Cape May Mariners batting - Pitching for Boothbay Harbor Rebels : LHP Pedro Bañuelos
Pinch Hitting: RHB Claudio Encarnación 0-0: Ball
1-0: Foul Ball, location: 23F
1-1: Ball
2-1: Ground out 6-3 (Groundball, 6, EV 80.6 MPH)
Batting: RHB Juan Ramírez 0-0: Ball
1-0: Foul Ball, location: 7LMF
1-1: Foul Ball, location: 9LSFF
1-2: SINGLE (Line Drive, 4D, EV 73.8 MPH)
Pinch Hitting: RHB Colin Knightley 0-0: Ball
1-0: Grounds into double play, 5-4-3 (Groundball, 5, EV 80.0 MPH)
Top of the 7th over - 0 runs, 1 hit, 0 errors, 0 left on base; Cape May 9 - Boothbay Harbor 1
BOTTOM OF THE 7TH
Boothbay Harbor Rebels batting - Pitching for Cape May Mariners : LHP Cary Smith
Now at 1B: Claudio Encarnación
Now at 2B: Colin Knightley
Batting: RHB Mike Schmidt 0-0: Called Strike
0-1: Fly out, F8 (Flyball, 8RD, EV 84.4 MPH)
Batting: RHB Ken Ingram 0-0: Ball
1-0: Foul Ball, location: 2F
1-1: Ball
2-1: SOLO HOME RUN (Flyball, 89XD, EV 111.9 MPH), Distance : 432 ft
Batting: RHB Reynaldo Silva 0-0: Called Strike
0-1: Ball
1-1: Foul Ball, location: 3F
1-2: Strikes out swinging
Pinch Hitting: RHB Cooper Johnson 0-0: Ball
1-0: Ball
2-0: Foul Ball, location: 2F
2-1: Foul Ball, location: 2F
2-2: Strikes out swinging
Bottom of the 7th over - 1 run, 1 hit, 0 errors, 0 left on base; Cape May 9 - Boothbay Harbor 2
TOP OF THE 8TH
Cape May Mariners batting - Pitching for Boothbay Harbor Rebels : LHP Pedro Bañuelos
Now in LF: Steve Hensley
Pinch Hitting: RHB Greg French 0-0: Called Strike
0-1: Swinging Strike
0-2: Ball
1-2: Ball
2-2: Foul Ball, location: 7LSFF
2-2: Foul Ball, location: 5F
2-2: Ball
3-2: Foul Ball, location: 5FF
3-2: Strikes out swinging
Batting: RHB Otto Velez 0-0: Ball
1-0: Foul Ball, location: 2F
1-1: Called Strike
1-2: Ball
2-2: Foul Ball, location: 2F
2-2: Ball
3-2: Foul Ball, location: 3F
3-2: Strikes out swinging
Pinch Hitting: RHB Ben MacIntosh 0-0: Ball
1-0: Ground out 5-3 (Groundball, 56, EV 85.0 MPH)
Top of the 8th over - 0 runs, 0 hits, 0 errors, 0 left on base; Cape May 9 - Boothbay Harbor 2
BOTTOM OF THE 8TH
Boothbay Harbor Rebels batting - Pitching for Cape May Mariners : LHP Cary Smith
Now at 3B: Ben MacIntosh
Now in LF: Greg French
Batting: LHB Jack Brohamer 0-0: Called Strike
0-1: Ball
1-1: Swinging Strike
1-2: Ball
2-2: Ball
3-2: Base on Balls
Batting: LHB George Taylor 0-0: Ball
1-0: SINGLE (Groundball, 34D, EV 104.4 MPH)
Jack Brohamer to second
Jack Brohamer to third
Batting: SHB Paul Shinault 0-0: Ball
1-0: Fielders Choice at 2nd, 6-4 (Groundball, 6, EV 85.6 MPH)
Jack Brohamer scores
Batting: RHB Tim Hosley 0-0: Foul Ball, location: 5SF
0-1: Foul Ball, location: 2F
0-2: Ball
1-2: SINGLE (Line Drive, 34D, EV 95.6 MPH)
Paul Shinault to second
Runner from 2nd tries for 3rd, OUT! 9-5
Pitching: RHP Craig Goodwin
Batting: RHB Whit Nicholson 0-0: Ball
1-0: Called Strike
1-1: Foul Ball, location: 5SF
1-2: Foul Ball, location: 23FF
1-2: Ground out 4-3 (Groundball, 4, EV 79.4 MPH)
Bottom of the 8th over - 1 run, 2 hits, 0 errors, 1 left on base; Cape May 9 - Boothbay Harbor 3
TOP OF THE 9TH
Cape May Mariners batting - Pitching for Boothbay Harbor Rebels : LHP Pedro Bañuelos
Pitching: RHP Juan Félix
Batting: SHB Chester Roberts 0-0: Fly out, F7 (Flyball, 78S, EV 87.5 MPH)
Batting: LHB Gary Thomasson 0-0: Foul Ball, location: 2F
0-1: Foul Ball, location: 5SF
0-2: Strikes out looking
Batting: SHB Artie Herrera 0-0: Ball
1-0: Swinging Strike
1-1: Foul Ball, location: 5F
1-2: Ball
2-2: Strikes out swinging
Top of the 9th over - 0 runs, 0 hits, 0 errors, 0 left on base; Cape May 9 - Boothbay Harbor 3
BOTTOM OF THE 9TH
Boothbay Harbor Rebels batting - Pitching for Cape May Mariners : RHP Craig Goodwin
Batting: RHB Mike Schmidt 0-0: Foul Ball, location: 5SF
0-1: Ball
1-1: Ball
2-1: Foul Ball, location: 9LMF
2-2: Foul Ball, location: 2F
2-2: Foul Ball, location: 2F
2-2: SINGLE (Groundball, 6S, EV 68.8 MPH) (infield hit)
Batting: RHB Ken Ingram 0-0: Called Strike
0-1: Foul Ball, location: 25F
0-2: Ball
1-2: Ball
2-2: Foul Ball, location: 23F
2-2: Strikes out looking
Batting: LHB Dave Rader 0-0: DOUBLE (Line Drive, 7LD, EV 110.6 MPH)
Mike Schmidt to third
Batting: SHB Steve Hensley 0-0: Called Strike
0-1: Called Strike
0-2: Strikes out swinging
Batting: LHB Jack Brohamer 0-0: Foul Ball, location: 3F
0-1: Swinging Strike
0-2: Strikes out swinging
Bottom of the 9th over - 0 runs, 2 hits, 0 errors, 2 left on base; Cape May 9 - Boothbay Harbor 3
Friday, April 26th , 2024 - OOTP Baseball 24.8 Build 75